 Dungeon Crawl Stone Soup version 0.27-a0-96-gb51a1d6fd6 (webtiles) character file.

Game seed: 15944853562391655173

220 knot the Chopper (level 5, 61/61 HPs)
             Began as a Demonspawn Berserker on Jan 19, 2021.
             Was a Believer of Trog.
             Quit the game on level 2 of the Dungeon.
             The game lasted 00:01:36 (2124 turns).

knot the Chopper (Demonspawn Berserker)             Turns: 2124, Time: 00:01:37

Health: 61/61      AC:  3    Str: 17    XL:     5   Next: 64%
Magic:  5/5        EV: 12    Int: 10    God:    Trog [**....]
Gold:   73         SH:  0    Dex: 12    Spells: 4/4 levels left

rFire    . . .     SeeInvis .   a - +0 hand axe
rCold    . . .     Faith    .   (no shield)
rNeg     . . .     Spirit   .   b - +0 animal skin
rPois    .         Reflect  .   (no helmet)
rElec    .         Harm     .   (no cloak)
rCorr    .         Rampage  .   j - +0 pair of gloves
Will     ++...                  (no boots)
Stlth    ..........             (no amulet)
HPRegen  1.20/turn              (no ring)
MPRegen  0.09/turn              (no ring)

@: berserking, regenerating, very quick
A: hooves 1, powered by death 1
a: Renounce Religion, Berserk, Trog's Hand


You were on level 2 of the Dungeon.
You worshipped Trog.
Trog was pleased with you.
You visited 1 branch of the dungeon, and saw 2 of its levels.

You collected 73 gold pieces.

Inventory:

Hand Weapons
 a - a +0 hand axe (weapon)
Missiles
 f - 122 stones
Armour
 b - a +0 animal skin (worn)
 j - a +0 pair of gloves (worn)
Scrolls
 c - a scroll of amnesia {unknown}
 g - 5 scrolls of identify {unknown}
 h - a scroll of remove curse {unknown}
 i - a scroll of enchant armour {unknown}
 k - a scroll of teleportation {unknown}
 l - a scroll of blinking {unknown}
 n - 2 scrolls of noise {unknown}
Potions
 d - a potion of brilliance {unknown}
 e - a potion of attraction {unknown}
 m - a potion of lignification {unknown}
 o - a potion of haste {unknown}
 p - a potion of flight {unknown}


   Skills:
 - Level 3.0 Fighting
 + Level 5.9 Axes
 - Level 1.7 Armour
 - Level 1.7 Dodging


You had 4 spell levels left.
You didn't know any spells.
Your spell library was empty.

Dungeon Overview and Level Annotations

Branches:
Dungeon (2/15)

Altars:
Gozag


Innate Abilities, Weirdness & Mutations

You have large cloven feet.
You regenerate a little health from kills.


Message History

Sigmund is severely wounded.
Sigmund points at himself and mumbles some strange words.
Sigmund flickers and vanishes!
Deactivating autopickup; reactivate with Ctrl-A.
You closely miss something. You closely miss something.
You hear some strange, mumbled words.
Something tries to affect you, but you resist.
You slash something!
You feel the power of Trog in you as your rage grows.
Trog accepts your kill.
Trog appreciates your killing of a magic user.
Reactivating autopickup.
You feel a bit more experienced.
Your Axes skill increases to level 5!
You have reached level 4!
You feel clever.
Your demonic ancestry asserts itself...
Your feet thicken and deform.
You have reached level 5!
Are you sure you want to abandon this character and quit the game? (Confirm with "yes".)

#........[.#
#........###
#........'.#
#........#.#
#...#......#
#...#.######
#...#<########
+...'.........
#...#.@)......
+.<.#.†.......
#...#.........
#...#.........
#..[#.........
#...#.........
#####.........
#...$.....


There were no monsters in sight!

Vanquished Creatures
  Sigmund (D:2)
  An ooze (D:1)
  4 dart slugs
  A leopard gecko (D:1)
  3 giant cockroaches
  4 goblins
  5 hobgoblins
  A ball python (D:2)
  7 bats
  4 frilled lizards
  5 kobolds
  7 rats
43 creatures vanquished.

Notes
Turn   | Place    | Note
-------+----------+-------------------------------------------
     0 | D:1      | knot the Demonspawn Berserker began the quest for the Orb.
     0 | D:1      | Reached XP level 1. HP: 18/18 MP: 1/1
   131 | D:1      | Reached skill level 3 in Axes
   252 | D:1      | Gained mutation: You regenerate a little health from kills.
                  | [demonic ancestry]
   252 | D:1      | Reached XP level 2. HP: 16/24 MP: 2/2
  1025 | D:1      | Reached XP level 3. HP: 29/29 MP: 3/3
  1259 | D:2      | Reached skill level 4 in Axes
  1562 | D:2      | Reached ** piety under Trog
  1780 | D:2      | Found an opulent altar of Gozag.
  1896 | D:2      | Noticed Sigmund
  2123 | D:2      | Killed Sigmund
  2124 | D:2      | Reached skill level 5 in Axes
  2124 | D:2      | Gained mutation: You have large cloven feet. [demonic
                  | ancestry]
  2124 | D:2      | Reached XP level 4. HP: 35/35 MP: 4/4
  2124 | D:2      | Reached XP level 5. HP: 41/41 MP: 5/5
  2124 | D:2      | Quit the game

Illustrated notes

Levels and vault maps discovered:
D:1:      lemuel_arrival_muddy, layout_basic, minmay_cupped
D:2:      layout_basic, nicolae_overflow_hidden_temple, uniq_sigmund

Skill      XL: |  1  2  3 |
---------------+----------+-----
Axes           | 3 5 |  5.9
Fighting       | |  3.0
Armour         | |  1.7
Dodging        | |  1.7

Action                   |  1- 3 |  4- 6 || total
-------------------------+-------+-------++-------
Melee: Hand axe          |   132 |       ||   132
Invok: Berserk           |     1 |       ||     1
       Trog's Hand       |     1 |       ||     1
Armor: Animal skin       |    39 |       ||    39
Dodge: Dodged            |    92 |       ||    92

Table legend: (Time is in decaauts)
 A = Elapsed time spent in this place.
 B = Non-inter-level travel time spent in this place.
 C = Inter-level travel time spent in this place.
 D = Time resting spent in this place.
 E = Time spent auto-exploring this place.
 F = Levels seen in this place.
 G = Mean time per level.
                   A        B        C        D        E       F      G
               +--------+--------+--------+--------+--------+-----+--------+
         Total |   2136 |   2090 |     46 |    172 |   1598 |   2 | 1068.0 |
       Dungeon |   2136 |   2090 |     46 |    172 |   1598 |   2 | 1068.0 |
               +--------+--------+--------+--------+--------+-----+--------+

Top non-repeatable levels by time:
     D:1: 1329 daAuts
     D:2: 807 daAuts
